 Dungeon Crawl Stone Soup version 0.17.1-2-g5865329 (webtiles) character file.

501 Mysteryquy the Magician (level 6, 0/32 HPs)
             Began as a Deep Elf Fire Elementalist on Jan 28, 2016.
             Slain by an iguana (12 damage)
             ... on level 5 of the Dungeon.
             The game lasted 00:08:13 (5891 turns).

Mysteryquy the Magician (DEFE)                      Turns: 5891, Time: 00:08:13

Health: 0/32       AC:  2    Str:  5    XL:     6   Next: 95%
Magic:  11/16      EV: 14    Int: 22    God:
Gold:   119        SH:  0    Dex: 15    Spells: 1 memorised, 15 levels left

rFire  . . .     SeeInvis .     n - +1 dagger (holy)
rCold  . . .     Clarity  .     a - +0 robe
rNeg   . . .     SustAt   .     (no shield)
rPois  .         Gourm    .     (no helmet)
rElec  .         Spirit   .     (no cloak)
rCorr  .         Warding  .     (no gloves)
rMut   .         Stasis   .     (no boots)
MR     .....                    (no amulet)
Stlth  ++........               (no ring)
                                (no ring)

@: very slightly contaminated, not resistant to hostile enchantments, unstealthy
A: no striking features
a: no special abilities


You were on level 5 of the Dungeon.
You were hungry.

You visited 2 branches of the dungeon, and saw 9 of its levels.

You collected 329 gold pieces.
You spent 210 gold pieces at shops.

Inventory:

Hand Weapons
 n - a +1 dagger of holy wrath (weapon)
Armour
 a - a +0 robe (worn)
Jewellery
 p - an uncursed ring of ice {unknown}
Wands
 x - a wand of teleportation (3)
Scrolls
 d - 5 scrolls of identify {unknown}
 e - 3 scrolls of remove curse {unknown}
 k - 3 scrolls of fog {unknown}
 q - 2 scrolls of enchant armour {unknown}
 v - a scroll of recharging {unknown}
 w - 2 scrolls of teleportation {unknown}
Potions
 f - 4 potions of curing {unknown}
 h - 2 potions of beneficial mutation {unknown}
 i - 4 potions of agility {unknown}
 j - a potion of mutation {unknown}
 m - a potion of poison {unknown}
 o - a potion of berserk rage {unknown}
 r - a potion of ambrosia {unknown}
 s - a potion of flight {unknown}
 u - a potion of brilliance {unknown}
Books
 b - a book of Flames

   Spells                             Type                      Level
   a - Flame Tongue                   Conjuration/Fire             1
   b - Throw Flame                    Conjuration/Fire             2
   c - Conjure Flame                  Conjuration/Fire             3
   d - Inner Flame                    Hexes/Fire                   3
   e - Sticky Flame                   Conjuration/Fire             4
   f - Fireball                       Conjuration/Fire             5
Comestibles
 c - 6 bread rations
 g - 6 fruits
 l - 2 slices of pizza
 t - 3 meat rations
 z - a beef jerky


   Skills:
 + Level 0.2 Fighting
 + Level 4.2 Dodging
 + Level 3.3 Stealth
 + Level 0.1 Unarmed Combat
 + Level 5.6 Spellcasting
 + Level 3.7 Conjurations
 + Level 5.4 Fire Magic


You had 15 spell levels left.
You knew the following spells:

 Your Spells              Type           Power        Failure   Level  Hunger
a - Flame Tongue          Conj/Fire      ####.        1%          1    None


Dungeon Overview and Level Annotations

Branches:
Dungeon (8/15)             Temple (1/1) D:6
   Lair: D:8-11

Altars:
Ashenzari
Cheibriados
Dithmenos
Elyvilon
Fedhas
Gozag
Kikubaaqudgha
Makhleb
Nemelex Xobeh
Okawaru
Qazlal
Ru
Sif Muna
Trog
Yredelemnul
Zin
The Shining One

Shops:
D:5 }


Message History

The iguana is moderately wounded.
The iguana bites you!
An iguana is nearby!
Casting: Flame Tongue
Confirm with . or Enter, or press ? or * to list all spells.
Aiming: Flame Tongue
Press: ? - help, Shift-Dir - straight line, f/p - iguana
Aim: an iguana (moderately wounded)
You miscast Flame Tongue.
You are very lightly contaminated with residual magic.
Nothing appears to happen.
The iguana closely misses you.
Casting: Flame Tongue
Confirm with . or Enter, or press ? or * to list all spells.
Aiming: Flame Tongue
Press: ? - help, Shift-Dir - straight line, f/p - iguana
Aim: an iguana (moderately wounded)
The flame tongue hits the iguana.
The iguana appears unharmed.
The iguana is moderately wounded.
The iguana bites you!
You die...

.##.(..##.......######.#
.####..##..............#
.......##..........###.#
.......##........#.###.#
.##....##........#.....#
.##.##.#####.....#..##.# .......#
##.##.#..##.#
.......######.##.......#
.....#.##.......@...####
.##........####.l##.########
.###.#.##..#......#.#......#
..##.#.##..#........#....#.##
.......##.......#.###.......#####
#.##.####.##.##.#.# #.>.[#.......
.....# #.......#.###.#.##.######
#.#### ###.......#........###
.....# #...#####..........#


You could see an iguana.

Vanquished Creatures
  An ice beast (D:5)
  A phantom (D:5)
  A scorpion (D:4)
  2 hounds
  An orc wizard (D:3)
  2 worker ants
  3 adders
  An adder skeleton (D:7)
  5 worms
  3 giant geckos
  5 orcs (D:3)
  7 bats
  6 giant cockroaches
  14 hobgoblins
  3 quokkas
  2 ball pythons
  4 giant newts
  11 goblins
  9 jackals
  16 kobolds
  8 rats
  3 toadstools (D:1)
108 creatures vanquished.

Vanquished Creatures (others)
  11 toadstools (D:1)
11 creatures vanquished.

Grand Total: 119 creatures vanquished

Notes
Turn   | Place    | Note
--------------------------------------------------------------
     0 | D:1      | Mysteryquy the Deep Elf Fire Elementalist began the quest for the Orb.
     0 | D:1      | Reached XP level 1. HP: 10/10 MP: 6/6
   192 | D:1      | Reached XP level 2. HP: 15/15 MP: 1/8
   798 | D:1      | Reached XP level 3. HP: 19/19 MP: 8/10
  2034 | D:2      | Reached skill level 4 in Fire Magic
  2530 | D:2      | Reached XP level 4. HP: 15/24 MP: 7/11
  3316 | D:3      | Reached XP level 5. HP: 28/28 MP: 11/13
  3483 | D:4      | Found a burning altar of Makhleb.
  3491 | D:4      | Found a white marble altar of Elyvilon.
  3495 | D:4      | Found a glowing golden altar of the Shining One.
  3497 | D:4      | Found a sacrificial altar of Ru.
  3497 | D:4      | Found a basalt altar of Yredelemnul.
  3497 | D:4      | Found a deep blue altar of Sif Muna.
  3500 | D:4      | Found an ancient bone altar of Kikubaaqudgha.
  3501 | D:4      | Found an iron altar of Okawaru.
  3502 | D:4      | Found a glowing silver altar of Zin.
  4579 | D:4      | You fall through a shaft!
  4579 | D:5      | Entered Level 5 of the Dungeon
  4931 | D:5      | You fall through a shaft for 3 floors!
  4988 | D:8      | Reached XP level 6. HP: 32/32 MP: 10/15
  5050 | D:6      | Found a staircase to the Ecumenical Temple.
  5065 | Temple   | Entered the Ecumenical Temple
  5315 | D:5      | Noticed a phantom
  5331 | D:5      | Killed a phantom
  5331 | D:5      | Reached skill level 5 in Spellcasting
  5331 | D:5      | Reached skill level 5 in Fire Magic
  5498 | D:5      | Noticed an ice beast
  5503 | D:5      | Killed an ice beast
  5713 | D:5      | Found Erosse Hiff's Gadget Emporium.
  5721 | D:5      | Bought a wand of teleportation (3) for 210 gold pieces
  5891 | D:5      | Slain by an iguana

Action                   |  1- 3 |  4- 6 || total
-------------------------+-------+-------++-------
Melee: Unarmed           |    34 |       ||    34
       Dagger            |       |     2 ||     2
 Cast: Flame Tongue      |    87 |   116 ||   203
  Eat: Chunk             |     5 |     9 ||    14
